 Dungeon Crawl Stone Soup version 0.30-a0-122-g2a1322497e (webtiles) character file.

Game seed: 14724540328191832138

6415 ravioli the Summoner (level 10, -4/57 HPs)
             Began as an Octopode Summoner on Sept 17, 2022.
             Was an Initiate of Gozag.
             Slain by a killer bee (6 damage)
             ... on level 9 of the Dungeon.
             The game lasted 00:35:46 (14937 turns).

ravioli the Summoner (Octopode Summoner)           Turns: 14937, Time: 00:35:47

Health: -4/57      AC:  1    Str:  7    XL:     10   Next: 98%
Magic:  19/24      EV: 18    Int: 22    God:    Gozag
Gold:   914        SH:  0    Dex: 19    Spells: 15/29 levels left

rFire   . . .      SeeInvis .    (no weapon)
rCold   . . .      Faith    .    (no shield)
rNeg    . . .      Spirit   .    (helmet restricted)
rPois   .          Reflect  .    (no amulet)
rElec   .          Harm     .    p - +6 ring of dexterity
rCorr   .          Rampage  .    r - +4 ring of evasion
Will    .....                    (no ring)
Stlth   ++++......               (no ring)
HPRegen 0.19/turn                (no ring)
MPRegen 0.19/turn                (no ring)
                                 (no ring)
                                 (no ring)

@: lethally poisoned (-4 -> -26)
A: almost no armour, amphibious, 8 rings, camouflage 1, gelatinous body 1,
(nimble swimmer 1), tentacles
a: Renounce Religion, Potion Petition, Call Merchant, Bribe Branch


You were on level 9 of the Dungeon.
You worshipped Gozag.
Gozag was pleased with you.
You visited 2 branches of the dungeon, and saw 10 of its levels.

You collected 1346 gold pieces.
You paid 432 gold pieces to Gozag.

Inventory:

Jewellery
 p - a +6 ring of dexterity (left tentacle)
 r - a +4 ring of evasion (right tentacle)
 u - a ring of positive energy
Wands
 w - a wand of iceblast (7)
Scrolls
 c - a scroll of noise {unknown}
 f - 2 scrolls of amnesia {unknown}
 g - 2 scrolls of fear
 h - 3 scrolls of immolation {unknown}
 j - a scroll of enchant weapon {unknown}
 m - a scroll of magic mapping {unknown}
 n - a scroll of poison {unknown}
 s - 2 scrolls of vulnerability {unknown}
 t - 3 scrolls of torment
 v - 2 scrolls of brand weapon
 y - a scroll of enchant armour {unknown}
Potions
 a - a potion of magic
 b - 2 potions of might
 d - 2 potions of brilliance {unknown}
 e - 3 potions of haste
 i - 2 potions of degeneration {unknown}
 k - 3 potions of cancellation
 l - 3 potions of lignification
 o - 7 potions of attraction
 q - a potion of flight {unknown}
 x - 2 potions of heal wounds
 z - 2 potions of curing {unknown}


   Skills:
 + Level 0.5 Fighting
 + Level 2.9 Dodging
 + Level 5.0 Stealth
 + Level 0.9 Unarmed Combat
 + Level 10.2 Spellcasting
 + Level 2.5 Hexes
 + Level 11.3 Summonings
 + Level 3.1 Air Magic


You had 15 spell levels left.
You knew the following spells:

 Your Spells              Type           Power      Damage    Failure   Level
a - Summon Small Mammal   Summ           100%       N/A       1%          1
b - Call Canine Familiar  Summ           57%        N/A       1%          3
c - Summon Guardian Gole  Hex/Summ       41%        N/A       1%          3
d - Summon Lightning Spi  Summ/Air       43%        N/A       3%          4
e - Swiftness             Air            25%        N/A       4%          3

Your spell library contained the following spells:

 Spells                   Type           Power      Damage    Failure   Level
 Call Imp                 Summ           57%        N/A       1%          2
 Ensorcelled Hibernation  Hex/Ice        32%        N/A       5%          2
 Apportation              Tloc           22%        N/A       6%          1
 Freeze                   Ice            44%        1d6       6%          1
 Confusing Touch          Hex            22%        N/A       6%          3
 Passwall                 Tmut/Erth      9%         N/A       9%          2
 Sublimation of Blood     Necr           11%        N/A       9%          2
 Frozen Ramparts          Ice            22%        1d4       19%         3
 Hailstorm                Conj/Ice       11%        3d5       52%         4
 Petrify                  Tmut/Erth      11%        N/A       52%         4
 Yara's Violent Unravell  Hex/Tmut       8%         3d5       69%         5
 Alistair's Intoxication  Tmut/Pois      7%         N/A       86%         5
 Irradiate                Conj/Tmut      5%         3d13      86%         5
 Enfeeble                 Hex            11%        N/A       100%        7


Dungeon Overview and Level Annotations

Branches:
Dungeon (9/15)             Temple (1/1) D:5
   Lair: D:8-11         Orc: D:9-12

Altars:
Ashenzari
Cheibriados
Dithmenos
Elyvilon
Fedhas
Gozag
Hepliaklqana
Kikubaaqudgha
Makhleb
Nemelex Xobeh
Okawaru
Qazlal
Ru
Sif Muna
Trog
Uskayaw
Vehumet
Wu Jian
Xom
Yredelemnul
Zin
The Shining One

Shops:
D:3 *

Annotations:
D:3 3 runed translucent doors, porpoise's ghost, weakling DsGl
D:6 1 runed translucent door, Crazy Yiuf


Innate Abilities, Weirdness & Mutations

You cannot wear most types of armour.
You are amphibious.
You can wear up to eight rings at the same time.
Your skin changes colour to match your surroundings (Stealth+).
Your rubbery body absorbs attacks. (AC +1, EV +1)
((You are camouflaged when in or above water. (Stealth+)))
You have tentacles for arms and can constrict up to eight enemies at once.


Message History

You are more poisoned.
The killer bee poisons you!
The killer bee attacks as you move away!
The killer bee barely misses you.
You feel very sick.
The killer bee stings your lightning spire.
The killer bee stings your lightning spire but does no damage. x2
The killer bee stings you! The killer bee misses you.
What are your orders? t - Shout!
Orders for allies: a - Attack new target. r - Retreat! s - Stop attacking. g - Guard the area. f - Follow me.
Anything else - Cancel.
Gang up on whom?
Press: ? - help, Dir - move target, f - killer bee
Aim: a killer bee (ally target) Attack!
You feel sick.
The killer bee stings your lightning spire but does no damage.
The killer bee misses you.
The killer bee stings your lightning spire but does no damage.
The killer bee stings you! The killer bee stings you.
You are more poisoned.
The killer bee poisons you! The killer bee stings you.
* * * LOW HITPOINT WARNING * * *
The killer bee attacks as you move away!
The killer bee stings you!
* * * LOW HITPOINT WARNING * * *
You are more poisoned.
The killer bee poisons you!
The killer bee attacks as you move away!
The killer bee closely misses you.
* * * LOW HITPOINT WARNING * * *
You feel very sick.
The killer bee stings your lightning spire but does no damage.
The killer bee completely misses your guardian golem.
The killer bee closely misses you. The killer bee misses you.
The killer bee stings you.
You die...
Your body crumbles into a pile of gold.

... ########...#.###.#
...# #....###.....###.#
.#.# #.#..###.....###..
...######....###..y..#####
.................98.......
.#...#...##.............##
.................._.......
...............yyy......##
...###...#......@yy.....#
.............###.....####
.........#######.....####
.###...#.# ..###.....###..
.........###.#.#...#......
.....#'### #.#.....#......
#. .....#..# .
#.....#..... #.
.....#'##### #...... .. #.
...........# ...


You could see 6 killer bees, a friendly guardian golem (summoned, inner flame)
and a friendly lightning spire (summoned, sheltered).

Vanquished Creatures
  A water moccasin (D:7)
  A centaur (D:8)
  A wight (D:7)
  A giant cockroach (D:2)
  A giant cockroach zombie (D:3)
5 creatures vanquished.

Vanquished Creatures (collateral kills)
  Pikel (D:5)
  Joseph (D:8)
  5 yaks (D:8)
  2 steam dragons (D:8)
  Edmund (D:5)
  Menkaure (D:5)
  A water moccasin (D:5)
  An orc warrior (D:9)
  3 sky beasts
  A black bear (D:5)
  2 ogres
  2 lemures (D:5)
  A centaur (D:8)
  A kobold brigand (D:8)
  A phantom (D:6)
  2 necrophages (D:6)
  3 scorpions (D:4)
  18 wights
  3 killer bees (D:8)
  3 howler monkeys
  2 hounds
  5 orc priests
  A gnoll bouda (D:7)
  A jelly (D:8)
  Ijyb (D:5)
  8 orc wizards
  3 iguanas
  A mummy (D:7)
  4 gnolls (D:7)
  7 adders
  A shadow imp (D:6)
  A white imp (D:7)
  2 worms
  2 dart slugs
  38 orcs
  2 bats
  An endoplasm (D:4)
  2 giant cockroaches
  4 goblins
  5 hobgoblins
  7 jackals
  5 quokkas
  8 ball pythons
  3 frilled lizards
  A giant cockroach zombie (D:3)
  9 kobolds
  7 rats
184 creatures vanquished.

Vanquished Creatures (others)
  5 yaks (D:8)
  An acid dragon (D:9)
  An ogre (D:6)
  A wight (D:6)
  3 killer bees (D:8)
  An orc wizard (D:6)
  A white imp (D:8)
  3 orcs
16 creatures vanquished.

Grand Total: 205 creatures vanquished

Notes
Turn   | Place    | Note
-------+----------+-------------------------------------------
     0 | D:1      | ravioli the Octopode Summoner began the quest for the Orb.
     0 | D:1      | Reached XP level 1. HP: 11/11 MP: 3/3
   418 | D:1      | Found a faded altar of an unknown god.
   618 | D:1      | Reached XP level 2. HP: 17/17 MP: 5/5
  1971 | D:2      | Reached XP level 3. HP: 19/21 MP: 3/6
  2000 | D:2      | Learned a level 3 spell: Call Canine Familiar
  2366 | D:2      | Found a snail-covered altar of Cheibriados.
  3122 | D:3      | Reached XP level 4. HP: 23/27 MP: 8/8
  3539 | D:3      | Found Hiun's Assorted Antiques.
  3802 | D:3      | Reached XP level 5. HP: 31/31 MP: 6/10
  3876 | D:3      | Found a runed translucent gate.
  3876 | D:3      | Found a runed translucent gate.
  3876 | D:3      | Found a runed translucent gate.
  3876 | D:3      | Noticed porpoise's ghost (weakling DsGl)
  3878 | D:3      | Found a basalt altar of Yredelemnul.
  4671 | D:4      | Learned a level 3 spell: Summon Guardian Golem
  4692 | D:4      | Reached skill level 5 in Summonings
  4952 | D:4      | Found a sacrificial altar of Ru.
  5124 | D:4      | Found a broken altar of Ashenzari.
  5206 | D:4      | Found a stormy altar of Qazlal.
  5257 | D:4      | Reached XP level 6. HP: 37/37 MP: 4/12
  6000 | D:4      | Found a glowing silver altar of Zin.
  6088 | D:4      | Found a blossoming altar of Fedhas.
  6226 | D:4      | Reached skill level 6 in Summonings
  6226 | D:4      | Reached XP level 7. HP: 42/42 MP: 8/14
  6455 | D:5      | Entered Level 5 of the Dungeon
  6499 | D:5      | Noticed Edmund
  6526 | D:5      | Killed Edmund
  6527 | D:5      | Reached skill level 5 in Spellcasting
  6893 | D:5      | Noticed Pikel
  6976 | D:4      | Learned a level 4 spell: Summon Lightning Spire
  6980 | D:4      | Learned a level 3 spell: Swiftness
  7127 | D:5      | Found a staircase to the Ecumenical Temple.
  7127 | D:5      | Noticed Ijyb
  7158 | D:5      | Paralysed by Ijyb for 4 turns
  7188 | D:5      | Killed Ijyb
  7254 | Temple   | Entered the Ecumenical Temple
  7811 | Temple   | Became a worshipper of Gozag Ym Sagoz the Greedy
  7928 | D:5      | Found a white marble altar of Elyvilon.
  7931 | D:5      | Found an iron altar of Okawaru.
  8385 | D:5      | Reached XP level 8. HP: 47/47 MP: 11/17
  8493 | D:5      | Killed Pikel
  8494 | D:5      | Reached skill level 1 in Hexes
  8494 | D:5      | Reached skill level 7 in Summonings
  8494 | D:5      | Reached skill level 1 in Air Magic
  8831 | D:5      | Noticed Menkaure
  8838 | D:5      | Killed Menkaure
  9318 | D:6      | Reached skill level 8 in Summonings
  9318 | D:6      | Reached XP level 9. HP: 47/52 MP: 3/19
  9824 | D:6      | Found a shimmering blue altar of Sif Muna.
 10242 | D:6      | Reached skill level 9 in Summonings
 10525 | D:6      | Found a runed translucent door.
 10526 | D:6      | Noticed Crazy Yiuf
 11351 | D:7      | Found a sand-covered staircase.
 11698 | D:7      | Reached XP level 10. HP: 52/57 MP: 13/22
 11982 | D:8      | Reached skill level 10 in Summonings
 12959 | D:8      | Noticed Joseph
 12968 | D:8      | Killed Joseph
 12976 | D:8      | Reached skill level 5 in Stealth
 13531 | D:8      | Reached skill level 11 in Summonings
 13787 | D:8      | Reached skill level 10 in Spellcasting
 14896 | D:9      | Found a snail-covered altar of Cheibriados.
 14937 | D:9      | HP: 2/57 [poisoned by a killer bee]
 14937 | D:9      | Slain by a killer bee

Illustrated notes

Levels and vault maps discovered:
D:1:      wheals_arrival_linesprint, layout_rooms,
          hellmonk_ecumenical_altar_leap_of_faith, minmay_crystal_water,
          hangedman_glass_teeth
D:2:      layout_basic, basic_altar
D:3:      layout_basic, nicolae_yredelemnul_ghost_church, serial_shops,
          nicolae_lakefront_shop
D:4:      layout_basic, mainiacjoe_overflow_surrounded_room,
          nicolae_overflow_quartered_altars, serial_park_tiny_pond
D:5:      layout_basic, nicolae_overflow_squiral, minmay_temple_entry_hall,
          uniq_ijyb, uniq_edmund, uniq_menkaure, uniq_pikel
D:6:      layout_rooms, lemuel_doored_altar, uniq_crazy_yiuf_cottage
D:7:      layout_basic, gup_ossuary_entry_pyramid
D:8:      layout_loops_ring, minmay_manual_mares, uniq_joseph
D:9:      layout_stronghold, slow_altar_1
Temple:   chequers_temple_sunken

Skill      XL: |  1  2  3  4  5  6  7  8  9 10 |
---------------+-------------------------------+-----
Stealth        | 3 4 5 |  5.0
Spellcasting   | 3 4 6 7 8 10 | 10.2
Summonings     | 5 6 8 9 11 | 11.3
Hexes          | 1 2 |  2.5
Air Magic      | 1 2 3 |  3.1
Fighting       | |  0.5
Dodging        | |  2.9
Unarmed Combat | |  0.9

Action                   |  1- 3 |  4- 6 |  7- 9 | 10-12 || total
-------------------------+-------+-------+-------+-------++-------
Melee: Unarmed           |     2 |     6 |     2 |     2 ||    12
       Constrict         |     1 |     3 |     1 |     1 ||     6
       Tentacles         |       |     2 |     1 |     2 ||     5
 Cast: Summon Small Mamm |    42 |    16 |    15 |       ||    73
       Call Canine Famil |     9 |    28 |    35 |    26 ||    98
       Summon Guardian G |       |     1 |    18 |    10 ||    29
       Summon Lightning  |       |       |    19 |    11 ||    30
Invok: Potion Petition   |       |       |       |     1 ||     1
Evoke: Wand              |       |       |       |     2 ||     2
  Use: Scroll            |       |       |     8 |     1 ||     9
       Potion            |       |       |     1 |       ||     1
Armor: Skin              |     4 |     4 |       |       ||     8
Dodge: Dodged            |    18 |    19 |     8 |    35 ||    80

Table legend: (Time is in decaauts)
 A = Elapsed time spent in this place.
 B = Non-inter-level travel time spent in this place.
 C = Inter-level travel time spent in this place.
 D = Time resting spent in this place.
 E = Time spent auto-exploring this place.
 F = Levels seen in this place.
 G = Mean time per level.
                   A        B        C        D        E       F      G
               +--------+--------+--------+--------+--------+-----+--------+
         Total |  14923 |  14230 |    693 |   6067 |   5704 |  10 | 1492.3 |
       Dungeon |  14360 |  13698 |    662 |   6067 |   5180 |   9 | 1595.6 |
        Temple |    563 |    532 |     31 |      0 |    524 |   1 |  563.0 |
               +--------+--------+--------+--------+--------+-----+--------+

Top non-repeatable levels by time:
     D:5: 2031 daAuts
     D:8: 2004 daAuts
     D:4: 1989 daAuts
     D:2: 1898 daAuts
     D:3: 1687 daAuts
     D:6: 1639 daAuts
     D:7: 1408 daAuts
     D:1: 1044 daAuts
     D:9: 656 daAuts
  Temple: 563 daAuts
